 Dungeon Sprint DCSS version 0.32-a0-585-gef4fe23122 (webtiles) character file.

Game seed: 12906564679413804840

34549 Revguard the Evocator (level 13, -12/119 HPs)
             Began as a Coglin Berserker on Mar 2, 2024.
             Was a High Priest of Trog.
             Killed from afar by an ancient champion (42 damage)
             ... with an iron shot
             ... in the Dungeon (Sprint V: "Ziggurat Sprint").
             The game lasted 00:12:42 (1672 turns).

Revguard the Evocator (Coglin Berserker)            Turns: 1672, Time: 00:12:42

Health: -12/119    AC: 34    Str: 26    XL:     13   Next: 78%
Magic:  5/13       EV: 16    Int:  4    God:    Trog [*****.]
Gold:   0          SH:  0    Dex: 19    Spells: 12/12 levels left

rFire   . . .        t - +11 Screaming Sword {sonic wave}
rCold   . . .        C - +9 scimitar of Defence by Offence {flame, Str+5 Int-4 Dex+2 Stlth+}
rNeg    . . .        s - +15 Maxwell's patent armour {-Cast -Tele rElec Will+ rCorr}
rPois   .            B - +1 hat
rElec   +            (no cloak)
rCorr   +            E - +0 pair of gloves {Str+3}
SInv    .            (no boots)
Will    +++..        (amulet unavailable) Stlth
                     (ring unavailable)
HPRegen 1.39/turn    (ring unavailable)
MPRegen 0.13/turn    (no gizmo)

%: no teleportation, no spellcasting
@: strong-willed, regenerating
A: off-hand wielding, slow wielding, warmup strikes, no jewellery
a: Invent Gizmo, Renounce Religion, Berserk, Trog's Hand, Brothers in Arms


You were in the Dungeon.
You worshipped Trog.
Trog was extremely pleased with you.
You visited 1 branch

Inventory:

Hand Weapons
 a - a +0 falchion {Aida}
 c - a +0 dagger {Kanchana}
 t - the +11 Screaming Sword (weapon) {sonic wave}
   (You found it in the Dungeon)
 u - the +9 sword of Power {lifebolt}
   (You found it in the Dungeon)
 v - the +11 plutonium sword {^Contam Stlth-}
   (You found it in the Dungeon)

   ^Contam:   It causes magical contamination when unequipped.
   Stlth-:    It makes you less stealthy.
 w - the +9 sword of Zonguldrok {reap}
   (You found it in the Dungeon)
 C - the +9 scimitar of Defence by Offence (offhand) {flame, Str+5 Int-4 Dex+2 Stlth+}
   (Trog gifted it to you in the Dungeon)

   Str+5:     It affects your strength (+5).
   Int-4:     It affects your intelligence (-4).
   Dex+2:     It affects your dexterity (+2).
   Stlth+:    It makes you more stealthy.
Armour
 b - a +0 animal skin
 s - the +15 Maxwell's patent armour (worn) {-Cast -Tele rElec Will+ rCorr}
   (You found it in the Dungeon)

   rElec:     It insulates you from electricity.
   Will+:     It increases your willpower.
   -Cast:     It prevents spellcasting.
   -Tele:     It prevents most forms of teleportation.
   rCorr:     It protects you from acid and corrosion.
 A - a +0 pair of gloves of stealth
 B - a +1 hat (worn)
 E - a +0 pair of gloves of strength (worn)
Wands
 l - a wand of flame (13)
 q - a wand of mindburst (7)
 r - a wand of acid (34)
 x - a wand of roots (18)
 z - a wand of charming (17)
 D - a wand of polymorph (13)
Scrolls
 i - 4 scrolls of blinking
 n - 7 scrolls of fog
 o - 5 scrolls of identify
 p - 2 scrolls of fear
 y - 2 scrolls of brand weapon
Potions
 d - 9 potions of curing
 e - 12 potions of heal wounds
 f - 6 potions of haste
 g - 7 potions of magic
 h - 3 potions of berserk rage
 j - a potion of invisibility
 k - 4 potions of resistance
 m - 5 potions of might
Miscellaneous
 F - a sack of spiders
 G - a phantom mirror


   Skills:
 + Level 16.9 Fighting
 + Level 16.9 Long Blades
 + Level 15.5 Armour
 + Level 15.5 Dodging
 + Level 21.0 Evocations


You had 12 spell levels left.
You didn't know any spells.
Your spell library was empty.

Dungeon Overview and Level Annotations

Branches:
Dungeon (1/1)

Altars:
Ashenzari
Cheibriados
Dithmenos
Elyvilon
Fedhas
Gozag
Hepliaklqana
Kikubaaqudgha
Makhleb
Nemelex Xobeh
Okawaru
Qazlal
Ru
Sif Muna
Trog
Uskayaw
Vehumet
Wu Jian
Xom
Yredelemnul
Zin
The Shining One
Beogh
Jiyva
Lugonu


Innate Abilities, Weirdness & Mutations

You can wield a second weapon in your off-hand.
It takes a long time for you to wield or remove held weapons.
Your first few attacks do less damage.
You cannot equip rings or amulets.


Message History

The bolt of dispelling energy hits you but does no damage.
The quicksilver elemental moves out of view.
Your deep troll goes berserk!
The tormentor calls on the powers of darkness!
Your body is wracked with pain!
Your deep troll convulses!
The war gargoyle launches metal splinters at you.
The spray of metal splinters hits you but does no damage.
An ancient champion comes into view. It is wielding a +3 heavy great mace.
The ancient champion casts a spell.
The ancient champion seems to speed up.
You fade into invisibility!
The hellion gestures at you.
The sphere of damnation explodes!
The damnation engulfs you!! The damnation engulfs your deep troll!!
The quicksilver elemental breathes dispelling energy at you.
The bolt of dispelling energy hits you!!
Your magical effects are unravelling.
* * * LOW HITPOINT WARNING * * *
The ancient champion gestures wildly while chanting.
The ancient champion seems to speed up.
You feel much better.
You flicker back into view.
The quicksilver elemental breathes dispelling energy at you.
The bolt of dispelling energy misses you.
The quicksilver elemental hits you!
* * * LOW HITPOINT WARNING * * *
You feel your power leaking away.
The war gargoyle hits your deep troll with a +0 morningstar!!
Your deep troll dies!
Your deep troll's corpse disappears in a puff of smoke!
The ancient champion casts a spell.
The ancient champion seems to speed up.
The ancient champion gestures wildly while chanting.
The ancient champion seems to speed up.
Your deep troll goes berserk!
The quicksilver elemental hits you but does no damage. x2
The ancient champion casts a spell at you.
The iron shot hits you!!!
You die...

▓.........
▓..)[/)|)|)|..▓....†....
▓........z....▓.........
▓.......r.....▓....†....
▓..z22E9.z....▓.....†)..
▓.....z2zz....▓..▓..)†.▓
▓......zz.....▓.........
▓.....§9E9....▓.....©...
▓..▓...@E..▓..▓▓▓▓▓▓▓▓▓▓
▓.............▓....ß©ß..
▓........T....▓..=..:%."
▓......©......▓...=..)).
▓▓▓▓▓▓▓▓▓▓▓▓▓▓▓.........
▓......... ▓....)....
▓.....†... ▓..▓.)†..▓


You could see an iron golem, 3 quicksilver elementals, 8 ancient champions, a
crystal echidna, 2 war gargoyles, 2 hellions, a tormentor and a friendly deep
troll (summoned, berserk).

Vanquished Creatures
  A sphinx (D)
  Gastronok (D)
  A shadow dragon (D)
  2 hydras (D)
  4 spriggan air magi (D)
  8 vault guards (D)
  A catoblepas (D)
  2 vampire magi (D)
  3 spriggan berserkers (D)
  A skyshark (D)
  2 soul eaters (D)
  2 skeletal warriors (D)
  A spriggan druid (D)
  An arcanist (D)
  A deep elf archer (D)
  A lindwurm (D)
  A deep elf pyromancer (D)
  A deep elf zephyrmancer (D)
  A shining eye (shapeshifter) (D)
  A cyclops (D)
  2 black mambas (D)
  An elephant (D)
  3 vault sentinels (D)
  7 cane toads (D)
  2 torpor snails (D)
  2 rime drakes (D)
  3 yaktaurs (D)
  2 komodo dragons (D)
  2 merfolk (D)
  A polar bear (D)
  A wind drake (D)
  A raiju (D)
  A blink frog (D)
  A slime creature (D)
  Sigmund (D)
  2 spriggans (D)
  5 yaks (D)
  A wyvern (D)
  A shadow (D)
  4 basilisks (D)
  Eustachio (D)
  Grum (D)
  4 water moccasins (D)
  Duvessa (D)
  4 black bears (D)
  A centaur (D)
  3 wolves (D)
  A human zombie (D)
  A bullfrog (D)
  3 wights (D)
  Dowan (D)
  2 jellies (D)
  An iron imp (D)
  Crazy Yiuf (D)
  2 iguanas (D)
  A river rat (D)
  A shadow imp (D)
  A spectral bat (D)
  A bat skeleton (D)
  2 bat zombies (D)
  3 endoplasms (D)
  2 ball python skeletons (D)
  2 ball python zombies (D)
  A giant cockroach zombie (D)
  A jackal zombie (D)
  2 quokka skeletons (D)
  A quokka zombie (D)
124 creatures vanquished.

Vanquished Creatures (collateral kills)
  A shadow dragon (D)
  A vault guard (D)
2 creatures vanquished.

Vanquished Creatures (others)
  A merfolk (D)
  A shadow imp (D)
  An endoplasm zombie (D)
3 creatures vanquished.

Grand Total: 129 creatures vanquished

Notes
Turn   | Place    | Note
-------+----------+-------------------------------------------
     0 | D        | Revguard the Coglin Berserker began the quest for the Orb.
     0 | D        | Reached XP level 1. HP: 18/18 MP: 1/1
     0 | D        | Found a shimmering blue altar of Sif Muna.
     0 | D        | Found a bloodstained altar of Trog.
     0 | D        | Found a sacrificial altar of Ru.
     0 | D        | Found a stormy altar of Qazlal.
     0 | D        | Found an iron altar of Okawaru.
     1 | D        | Found a sparkling altar of Nemelex Xobeh.
     1 | D        | Found a blossoming altar of Fedhas.
     1 | D        | Found the +6 Majin-Bo {spellvamp, MP+6 Int+6}
     1 | D        | Found the +27 heavy crossbow "Sniper" {heavy, Acc+∞ SInv}
     1 | D        | Found the +10 dark maul {heavy}
     1 | D        | Found the +15 Maxwell's patent armour {-Cast -Tele rElec
                  | Will+ rCorr}
     1 | D        | Found the +18 shield of the Gong {Loud rN+ Will+ rCorr
                  | EV-5}
     1 | D        | Found the +16 obsidian axe {drain, demonic, Mesm ^Drain Fly
                  | SInv}
     1 | D        | Found the +7 great mace "Firestarter" {flame, immolate,
                  | rFlCloud rF++}
     1 | D        | Found the +6 shillelagh "Devastator" {shatter}
     1 | D        | Found the +11 plutonium sword {^Contam Stlth-}
     1 | D        | Found the +8 lance "Wyrmbane" {slay drac, rPois rF+ rC+
                  | AC+3}
     1 | D        | Found the +9 sword of Zonguldrok {reap}
     1 | D        | Found the +13 scythe of Curses {drain, curses, ^Drain}
     1 | D        | Found the +9 sword of Power {lifebolt}
     1 | D        | Found the +7 mace of Variability {chaos, chaos arc}
     1 | D        | Found the +11 Singing Sword {sonic wave}
     1 | D        | Found the +8 storm bow {elec, penet}
     3 | D        | Found a transporter.
     3 | D        | Found an ancient bone altar of Kikubaaqudgha.
     3 | D        | Found a viscous altar of Jiyva.
     3 | D        | Found a corrupted altar of Lugonu.
     3 | D        | Found a hazy altar of Hepliaklqana.
     3 | D        | Found a burning altar of Makhleb.
     3 | D        | Found an opulent altar of Gozag.
    57 | D        | Reached skill level 4 in Evocations
    57 | D        | Reached XP level 2. HP: 26/26 MP: 2/2
    59 | D        | Entered arena 2.
    59 | D        | Noticed a vault sentinel
    59 | D        | Noticed a vault sentinel
    59 | D        | Found a transporter.
    64 | D        | Killed a vault sentinel
    65 | D        | Reached skill level 5 in Armour
    65 | D        | Reached skill level 5 in Dodging
    65 | D        | Reached skill level 7 in Evocations
    65 | D        | Reached XP level 3. HP: 28/35 MP: 3/3
    65 | D        | Reached XP level 4. HP: 33/41 MP: 4/4
    65 | D        | Reached XP level 5. HP: 38/47 MP: 5/5
    65 | D        | Reached XP level 6. HP: 43/53 MP: 6/6
    66 | D        | Killed a vault sentinel
    66 | D        | Reached ** piety under Trog
    67 | D        | Reached skill level 9 in Evocations
    67 | D        | Reached XP level 7. HP: 50/61 MP: 7/7
   103 | D        | Entered arena 3.
   103 | D        | Noticed a yak
   103 | D        | Noticed a yak
   103 | D        | Found a transporter.
   108 | D        | Killed a yak
   108 | D        | Killed a yak
   108 | D        | Reached *** piety under Trog
   109 | D        | Reached skill level 10 in Evocations
   109 | D        | Reached XP level 8. HP: 50/69 MP: 8/8
   170 | D        | Entered arena 4.
   170 | D        | Noticed a raiju
   170 | D        | Found a transporter.
   173 | D        | Killed a raiju
   185 | D        | Entered arena 5.
   185 | D        | Noticed a deep elf pyromancer
   185 | D        | Noticed a deep elf zephyrmancer
   185 | D        | Noticed a deep elf archer
   185 | D        | Noticed a water nymph
   185 | D        | Found a transporter.
   186 | D        | a water nymph changed into an orb spider
   186 | D        | Noticed an orb spider (glowing shapeshifter)
   187 | D        | an orb spider changed into a black mamba
   187 | D        | Noticed a black mamba (glowing shapeshifter)
   189 | D        | a black mamba changed into a sun moth
   189 | D        | Noticed a sun moth (glowing shapeshifter)
   190 | D        | a sun moth changed into a glowing shapeshifter
   190 | D        | Noticed a glowing shapeshifter (glowing shapeshifter)
   191 | D        | Killed a deep elf zephyrmancer
   191 | D        | Reached **** piety under Trog
   191 | D        | a glowing shapeshifter changed into a shining eye
   191 | D        | Noticed a shining eye (glowing shapeshifter)
   192 | D        | Reached skill level 11 in Evocations
   193 | D        | Killed a deep elf pyromancer
   193 | D        | Killed a deep elf archer
   193 | D        | Reached ***** piety under Trog
   193 | D        | Killed a shining eye
   194 | D        | Reached skill level 10 in Fighting
   194 | D        | Reached skill level 10 in Long Blades
   194 | D        | Reached skill level 12 in Evocations
   194 | D        | Reached XP level 9. HP: 47/79 MP: 9/9
   326 | D        | Entered arena 6.
   326 | D        | Found a transporter.
   359 | D        | Entered arena 7.
   359 | D        | Noticed a vault guard
   359 | D        | Noticed a yaktaur
   359 | D        | Noticed a sphinx
   359 | D        | Noticed a vault sentinel
   359 | D        | Noticed an arcanist
   360 | D        | Found a transporter.
   363 | D        | Killed an arcanist
   363 | D        | Killed a yaktaur
   363 | D        | Received a gift from Trog
   364 | D        | Reached skill level 13 in Evocations
   364 | D        | Reached XP level 10. HP: 86/86 MP: 10/10
   365 | D        | Killed a vault sentinel
   365 | D        | Killed a sphinx
   366 | D        | Reached skill level 10 in Armour
   366 | D        | Reached skill level 10 in Dodging
   366 | D        | Reached skill level 14 in Evocations
   367 | D        | Killed a vault guard
   367 | D        | Received a gift from Trog
   387 | D        | Entered arena 8.
   387 | D        | Noticed a cyclops
   392 | D        | Found a transporter.
   399 | D        | Killed a cyclops
   400 | D        | Reached skill level 15 in Evocations
   400 | D        | Reached XP level 11. HP: 44/95 MP: 11/11
   472 | D        | Entered arena 9.
   472 | D        | Noticed Sigmund
   472 | D        | Noticed Crazy Yiuf
   472 | D        | Noticed Dowan
   472 | D        | Noticed Duvessa
   472 | D        | Noticed Eustachio
   472 | D        | Noticed Gastronok
   472 | D        | Noticed Grum
   473 | D        | Found a transporter.
   491 | D        | Killed Grum
   493 | D        | Killed Sigmund
   493 | D        | Reached ****** piety under Trog
   493 | D        | Killed Crazy Yiuf
   493 | D        | Received a gift from Trog
   497 | D        | Killed Gastronok
   498 | D        | Killed Dowan
   498 | D        | Killed Eustachio
   498 | D        | Identified the +9 scimitar of Defence by Offence {flame,
                  | Str+5 Int-4 Dex+2 Stlth+} (Trog gifted it to you in the
                  | Dungeon)
   498 | D        | Received a gift from Trog
   501 | D        | Killed Duvessa
   626 | D        | Entered arena 10.
   627 | D        | Found a transporter.
   636 | D        | Reached skill level 16 in Evocations
   638 | D        | Received a gift from Trog
   685 | D        | Entered arena 11.
   685 | D        | Found the +12 glaive of Prune {freeze, Prune}
   685 | D        | Found the +5 demon whip "Spellbinder" {antimagic, disrupt,
                  | Will+}
   685 | D        | Noticed a catoblepas
   686 | D        | Found a transporter.
   700 | D        | Killed a catoblepas
   704 | D        | Received a gift from Trog
   905 | D        | Entered arena 12.
   905 | D        | Noticed a shadow dragon
   906 | D        | Noticed a soul eater
   906 | D        | Noticed a soul eater
   907 | D        | Received a gift from Trog
   908 | D        | Found a transporter.
   915 | D        | Killed a soul eater
   916 | D        | Killed a shadow dragon
   917 | D        | Reached skill level 17 in Evocations
   918 | D        | Killed a soul eater
   919 | D        | Reached XP level 12. HP: 19/106 MP: 12/12
  1160 | D        | Entered arena 13.
  1160 | D        | Noticed a vault guard
  1160 | D        | Noticed a shadow dragon
  1160 | D        | Noticed a vault guard
  1160 | D        | Noticed a vault guard
  1160 | D        | Noticed a vault guard
  1160 | D        | Noticed a vault guard
  1160 | D        | Noticed a vault guard
  1160 | D        | Noticed a vault guard
  1162 | D        | Noticed a vault guard
  1167 | D        | Killed a vault guard
  1168 | D        | Found a transporter.
  1169 | D        | Killed a shadow dragon
  1172 | D        | Killed a vault guard
  1172 | D        | Received a gift from Trog
  1173 | D        | Killed a vault guard
  1174 | D        | Reached skill level 18 in Evocations
  1175 | D        | Killed a vault guard
  1176 | D        | Killed a vault guard
  1181 | D        | Killed a vault guard
  1182 | D        | Killed a vault guard
  1183 | D        | Reached skill level 15 in Long Blades
  1183 | D        | Killed a vault guard
  1183 | D        | Identified the +7 long sword "Bide" {flame, +Blink rC-
                  | rCorr Dex+3} (Trog gifted it to you in the Dungeon)
  1183 | D        | Received a gift from Trog
  1184 | D        | Reached skill level 15 in Fighting
  1361 | D        | Entered arena 14.
  1362 | D        | Noticed a spriggan berserker
  1362 | D        | Found the +7 Spriggan's Knife {stab, EV+4 Stlth+}
  1362 | D        | Noticed a spriggan berserker
  1362 | D        | Noticed a seven-headed hydra
  1363 | D        | Noticed a spriggan air mage
  1367 | D        | Killed a spriggan berserker
  1368 | D        | Killed a seven-headed hydra
  1372 | D        | Killed a spriggan berserker
  1373 | D        | Reached skill level 19 in Evocations
  1373 | D        | Received a gift from Trog
  1373 | D        | Killed a spriggan air mage
  1374 | D        | Reached XP level 13. HP: 78/116 MP: 0/13
  1374 | D        | Found a transporter.
  1516 | D        | Entered arena 15.
  1523 | D        | Received a gift from Trog
  1527 | D        | Received a gift from Trog
  1531 | D        | Reached skill level 20 in Evocations
  1533 | D        | Found a transporter.
  1564 | D        | Entered arena 16.
  1570 | D        | Received a gift from Trog
  1574 | D        | Identified the +0 long sword of Trog's Displeasure {flame,
                  | Stlth+} (Trog gifted it to you in the Dungeon)
  1574 | D        | Received a gift from Trog
  1579 | D        | Reached skill level 15 in Dodging
  1579 | D        | Found a transporter.
  1587 | D        | Reached skill level 15 in Armour
  1608 | D        | Entered arena 17.
  1615 | D        | Received a gift from Trog
  1618 | D        | Received a gift from Trog
  1619 | D        | Reached skill level 21 in Evocations
  1619 | D        | Identified the +7 mace "Yniaso" {heavy, +Blink Str+4} (Trog
                  | gifted it to you in the Dungeon)
  1619 | D        | Received a gift from Trog
  1620 | D        | Found a transporter.
  1664 | D        | Entered arena 18.
  1667 | D        | Noticed a war gargoyle
  1667 | D        | Noticed an iron golem
  1667 | D        | Noticed an ancient champion
  1667 | D        | Noticed an ancient champion
  1667 | D        | Noticed an ancient champion
  1667 | D        | Noticed a quicksilver elemental
  1667 | D        | Noticed an ancient champion
  1667 | D        | Noticed a quicksilver elemental
  1667 | D        | Noticed an ancient champion
  1667 | D        | Noticed an ancient champion
  1668 | D        | Noticed a war gargoyle
  1668 | D        | Noticed a quicksilver elemental
  1668 | D        | Noticed an ancient champion
  1669 | D        | Noticed an ancient champion
  1672 | D        | Killed from afar by an ancient champion

Illustrated notes

Levels and vault maps discovered:
D:        sprint_v [room_start, room_1, room_2, room_3, room_4, room_5, room_6,
          room_7, room_8, room_9, room_10, room_11, room_12, room_13, room_14,
          room_15, room_16, room_17, room_18, room_19, room_20, room_21,
          room_22, room_23, room_24, room_25, room_26, room_27]

Skill      XL: |  1  2  3  4  5  6  7  8  9 10 11 12 13 |
---------------+----------------------------------------+-----
Fighting       | 4 6 7 8 10 12 13 15 16 | 16.9
Long Blades    | 4 6 7 8 10 12 13 15 16 | 16.9
Armour         | 3 5 6 7 9 11 12 14 15 | 15.5
Dodging        | 3 5 6 7 9 11 12 14 15 | 15.5
Evocations     | 4 7 9 10 12 13 15 17 19 21 | 21.0

Action                     |  1- 3 |  4- 6 |  7- 9 | 10-12 | 13-15 || total
---------------------------+-------+-------+-------+-------+-------++-------
  Melee: Double sword      |     8 |     3 |    37 |    93 |    33 ||   174
         Scimitar          |       |       |       |    50 |    30 ||    80
 Invoke: Trog's Hand       |       |       |       |     5 |     3 ||     8
         Berserk           |       |       |       |     4 |     2 ||     6
         Brothers in Arms  |       |       |       |     2 |     3 ||     5
  Evoke: Wand              |       |       |     1 |       |       ||     1
    Use: Potion            |     1 |       |       |     2 |     2 ||     5
 Armour: Plate armour      |     4 |       |    18 |   305 |    55 ||   382
  Dodge: Dodged            |       |       |     8 |   128 |    27 ||   163

Table legend: (Time is in decaauts)
 A = Elapsed time spent in this place.
 B = Non-inter-level travel time spent in this place.
 C = Inter-level travel time spent in this place.
 D = Time resting spent in this place.
 E = Time spent auto-exploring this place.
 F = Levels seen in this place.
 G = Mean time per level.
                   A        B        C        D        E       F      G
               +--------+--------+--------+--------+--------+-----+--------+
         Total |   1723 |   1723 |      0 |   1120 |      0 |   1 | 1723.0 |
       Dungeon |   1723 |   1723 |      0 |   1120 |      0 |   1 | 1723.0 |
               +--------+--------+--------+--------+--------+-----+--------+

Top non-repeatable levels by time:
       D: 1723 daAuts
